 Dungeon Crawl Stone Soup version 0.31.0-11-ge490571c62 (webtiles) character file.

Game seed: 2661075278119939414

345 qw the Skirmisher (level 6, -10/34 HPs)
             Began as a Deep Elf Hunter on Feb 5, 2024.
             Blown up by Ijyb (20 damage)
             ... with a mindburst bolt
             ... on level 4 of the Dungeon.
             The game lasted 00:00:37 (2251 turns).

qw the Skirmisher (Deep Elf Hunter)                 Turns: 2251, Time: 00:00:37

Health: -10/34     AC:  4    Str: 10    XL:     6   Next: 32%
Magic:  8/8        EV: 18    Int: 14    God:
Gold:   99         SH:  0    Dex: 18    Spells: 5/5 levels left

rFire   . . .        a - +0 shortbow
rCold   . . .        (shield currently unavailable)
rNeg    . . .        i - +0 troll leather armour
rPois   .            (no helmet)
rElec   .            (no cloak)
rCorr   .            (no gloves)
SInv    .            c - +0 pair of boots
Will    .....        d - amulet of regeneration
Stlth   ++           b - +5 ring of evasion
HPRegen 1.85/turn    (no ring)
MPRegen 0.11/turn

%: no passive effects
@: no status effects
A: no striking features
a: no special abilities


You were on level 4 of the Dungeon.
You visited 1 branch of the dungeon, and saw 4 of its levels.

You collected 99 gold pieces.


   Skills:
 + Level 1.5 Fighting
 - Level 9.5 Ranged Weapons
 - Level 3.8 Dodging
 - Level 1.2 Stealth


You had 5 spell levels left.
You didn't know any spells.
Your spell library was empty.

Inventory:

Hand Weapons
 a - a +0 shortbow (weapon)
Armour
 c - a +0 pair of boots (worn)
 i - a +0 troll leather armour (worn)
Jewellery
 b - a +5 ring of evasion (left hand)
 d - an amulet of regeneration (around neck)
Wands
 m - a wand of mindburst (5)
Scrolls
 j - a scroll of blinking {unknown}
Potions
 e - a potion of might {unknown}
 f - a potion of brilliance {unknown}
 g - a potion of curing
 h - a potion of attraction {unknown}

Dungeon Overview and Level Annotations

Branches:
Dungeon (4/15)
 Temple: D:4-7

Altars:

Annotations:
D:4 Ijyb


Message History

The arrow hits the black bear but does no damage.
The black bear is heavily wounded.
The black bear barely misses you. x3
You shoot an arrow. The arrow hits the black bear!
The black bear is almost dead.
The black bear barely misses you. The black bear claws you. x2
The black bear goes berserk!
2153 ||| ZAPPING wand of mindburst (6) at -1,-1 (black bear; floor).
Aiming: Mindburst
Press: ? - help, Q - select action, (/) - cycle Shift-Dir - straight line, f/p - black bear The black bear's mind is blasted!
You blow up the black bear!
Your Dodging skill increases to level 3!
You have reached level 6!
You start resting.
HP restored.
j - a scroll labelled FEAMMU VOIRR
Enter note:
Enter note:
Found a scroll of poison.
Found a stone staircase leading down.
Ijyb the Twisted Goblin comes into view.
She is wielding a +0 club and carrying a wand of mindburst.
Ijyb shouts!
Ijyb moves out of view.
You shoot an arrow. The arrow hits Ijyb.
Ijyb is lightly wounded.
Ijyb screams, "Me very upset!"
You shoot an arrow. The arrow barely misses Ijyb.
Ijyb zaps a wand.
Your mind is blasted!
You shoot an arrow. The arrow closely misses Ijyb.
Ijyb zaps a wand.
Your mind is blasted!
You shoot an arrow. The arrow hits Ijyb.
Ijyb is lightly wounded.
Ijyb zaps a wand.
Your mind is blasted!
Ouch! That really hurt!
You shoot an arrow. The arrow completely misses Ijyb.
You shoot an arrow. The arrow closely misses Ijyb.
Ijyb zaps a wand.
Your mind is blasted!
Ouch! That really hurt!
You die...

##.....# ..###....##..#
###....#............##.##
......##
.#####.........## .....##
# ###..?.....# #...##
##.......# ##.##
#..##.....# ##.# .
##.#####.....
#..######....###..#
#..###
#.<.............@.# #.#
......###........## ##
.###### ..##...g. ##
#....... # ......>... .#
............ ..#
............. ....
.............. .....


You could see Ijyb.

Vanquished Creatures
  Grinder (D:4)
  A black bear (D:4)
  3 adders
  2 ribbon worms (D:3)
  A dart slug (D:1)
  4 ball pythons
  5 bats
  2 endoplasms
  A giant cockroach (D:2)
  4 goblins
  4 hobgoblins
  2 kobolds (D:1)
  4 quokkas
  A frilled lizard (D:2)
35 creatures vanquished.

Notes
Turn   | Place    | Note
-------+----------+-------------------------------------------
     0 | D:1      | qw the Deep Elf Hunter began the quest for the Orb.
     0 | D:1      | Reached XP level 1. HP: 12/12 MP: 3/3
     0 | D:1      | 0 ||| qw: Version: 0.3-a-160-g6735b56
     0 | D:1      | 0 ||| qw: Game counter: 6407
     0 | D:1      | 0 ||| qw: Melee chars always use a shield: true
     0 | D:1      | 0 ||| qw: God list: Okawaru
     0 | D:1      | 0 ||| qw: Allow faded altars: false
     0 | D:1      | 0 ||| qw: Do Orc after clearing Dungeon:15 true
     0 | D:1      | 0 ||| qw: Do second Lair branch before Depths: true
     0 | D:1      | 0 ||| qw: Lair rune preference: random
     0 | D:1      | 0 ||| qw: Goals: Normal
     0 | D:1      | 0 ||| PLANNING D:1-11
   220 | D:1      | Reached XP level 2. HP: 16/16 MP: 4/4
   224 | D:1      | Reached skill level 6 in Ranged Weapons
   534 | D:1      | 534 ||| UPGRADING to amulet of regeneration.
   539 | D:1      | 539 ||| READING scroll labelled HIYMIR OMUQA.
   540 | D:1      | 540 ||| READING scroll labelled YPSUAT RALIUTS.
   543 | D:1      | 543 ||| DROPPING scroll of butterflies.
   582 | D:2      | Found a faded altar of an unknown god.
   866 | D:2      | Reached XP level 3. HP: 20/20 MP: 5/5
   991 | D:2      | 991 ||| UPGRADING to +0 troll leather armour.
  1001 | D:2      | 1001 ||| DROPPING +0 leather armour.
  1002 | D:2      | 1002 ||| UPGRADING to +5 ring of evasion.
  1003 | D:2      | 1003 ||| READING scroll labelled ADDUOLEE BIARA.
  1004 | D:2      | 1004 ||| READING scroll labelled BECKUKH OZUO.
  1005 | D:2      | 1005 ||| READING scroll labelled XINASE JININOAN.
  1106 | D:2      | 1106 ||| DRINKING 2 fizzy orange potions.
  1107 | D:2      | 1107 ||| DROPPING potion of degeneration.
  1433 | D:3      | Reached skill level 7 in Ranged Weapons
  1813 | D:3      | Reached XP level 4. HP: 18/25 MP: 6/6
  2037 | D:3      | 2037 ||| UPGRADING to +0 pair of boots.
  2042 | D:3      | 2042 ||| DRINKING 2 red potions.
  2110 | D:4      | Noticed Grinder
  2111 | D:4      | 2111 ||| ZAPPING wand of mindburst (12) at -7,0 (Grinder;
                  | floor).
  2112 | D:4      | 2112 ||| ZAPPING wand of mindburst (11) at -6,0 (Grinder;
                  | floor).
  2113 | D:4      | 2113 ||| ZAPPING wand of mindburst (10) at -5,0 (Grinder;
                  | floor).
  2114 | D:4      | 2114 ||| ZAPPING wand of mindburst (9) at -4,0 (Grinder;
                  | floor).
  2115 | D:4      | 2115 ||| ZAPPING wand of mindburst (8) at -3,0 (Grinder;
                  | floor).
  2118 | D:4      | 2118 ||| ZAPPING wand of mindburst (7) at -3,0 (Grinder;
                  | floor).
  2118 | D:4      | Killed Grinder
  2119 | D:4      | Reached skill level 9 in Ranged Weapons
  2119 | D:4      | Reached XP level 5. HP: 29/29 MP: 7/7
  2143 | D:4      | Noticed a black bear
  2153 | D:4      | 2153 ||| ZAPPING wand of mindburst (6) at -1,-1 (black
                  | bear; floor).
  2153 | D:4      | Killed a black bear
  2154 | D:4      | Reached skill level 3 in Dodging
  2154 | D:4      | Reached XP level 6. HP: 32/34 MP: 8/8
  2244 | D:4      | Noticed Ijyb
  2249 | D:4      | HP: 6/34 [disintegration (18)]
  2251 | D:4      | Blown up by Ijyb

Levels and vault maps discovered:
D:1:      minmay_arrival_stone_box, layout_rooms, serial_aquarium,
          aquarium_bridge_square [aquarium_subvault_bridge,
          aquarium_subvault_window, aquarium_subvault_window,
          aquarium_subvault_bridge], aquarium_bridge_straight
          [aquarium_subvault_bridge, aquarium_subvault_balcony,
          aquarium_subvault_bridge, aquarium_subvault_window],
          aquarium_window_corridor_3, aquarium_window_fake,
          aquarium_window_corner, aquarium_window_2, aquarium_view_4,
          item_on_display_a
D:2:      layout_basic, basic_ecumenical_altar
D:3:      layout_loops_corners, skrybe_limestone_x
D:4:      layout_layer_cave, uniq_ijyb, uniq_grinder, uniq_natasha

Skill      XL: |  1  2  3  4  5 |
---------------+----------------+-----
Ranged Weapons | 6 7 9 |  9.5
Dodging        | 3 |  3.8
Fighting       | |  1.5
Stealth        | |  1.2

Action                     |  1- 3 |  4- 6 || total
---------------------------+-------+-------++-------
   Fire: Shortbow          |   111 |    21 ||   132
  Evoke: Wand              |       |     7 ||     7
    Use: Scroll            |     5 |       ||     5
         Potion            |     1 |     1 ||     2
 Armour: Leather armour    |     9 |       ||     9
         Troll leather arm |    15 |     3 ||    18
  Dodge: Dodged            |    34 |    10 ||    44

Table legend:
 A = Non-vault XP
 B = Vault XP
 C = Vault XP percentage of total XP
 D = Non-vault monster count
 E = Vault monster count
 F = Vault count percentage of total count
                 A         B        C        D         E       F
            +---------+---------+-------+---------+---------+-------
      Total |     231 |     262 |  53.1 |      34 |       1 |   2.9
            +---------+---------+-------+---------+---------+-------
        D:1 |      20 |       0 |   0.0 |       9 |       0 |   0.0
        D:2 |      34 |       0 |   0.0 |      14 |       0 |   0.0
        D:3 |      47 |       0 |   0.0 |       9 |       0 |   0.0
        D:4 |     130 |     262 |  66.8 |       2 |       1 |  33.3
            +---------+---------+-------+---------+---------+-------
